 Dungeon Crawl Stone Soup version 0.29.1-1-gd02db6906a (webtiles) character file.

Game seed: 1693222064326240564

79 hawla the Conjurer (level 4, -3/33 HPs)
             Began as a Draconian Conjurer on Sept 29, 2022.
             Slain by a gnoll
             ... wielding a +0 club
              (5 damage)
             ... on level 2 of the Dungeon.
             The game lasted 00:08:16 (2221 turns).

hawla the Conjurer (Draconian Conjurer)             Turns: 2221, Time: 00:08:16

Health: -3/33      AC:  5    Str: 16    XL:     4   Next: 17%
Magic:  0/7        EV: 12    Int: 20    God:
Gold:   61         SH:  0    Dex:  9    Spells: 1/8 levels left

rFire   . . .      SeeInvis .   c - staff of death
rCold   . . .      Faith    .   (no shield)
rNeg    + . .      Spirit   .   (body armour unavailable)
rPois   .          Reflect  .   (helmet restricted)
rElec   .          Harm     .   (no cloak)
rCorr   .          Rampage  .   (no gloves)
Will    .....                   (no boots)
Stlth   ++........              (no amulet)
HPRegen 0.11/turn               h - +6 ring of strength
MPRegen 0.10/turn               (no ring)

@: no status effects
A: AC +5, unfitting armour, cold-blooded
a: no special abilities


You were on level 2 of the Dungeon.
You visited 1 branch of the dungeon, and saw 3 of its levels.

You collected 61 gold pieces.

Inventory:

Magical Staves
 c - a staff of death (weapon)
Jewellery
 h - a +6 ring of strength (left hand)
Scrolls
 f - a scroll of torment {unknown}
 g - 4 scrolls of teleportation {unknown}
 i - a scroll of enchant weapon {unknown}
 j - 3 scrolls of amnesia {unknown}
 k - 4 scrolls of identify {unknown}
 l - a scroll of immolation {unknown}
Potions
 a - a potion of magic
 b - 3 potions of berserk rage {unknown}
 d - 2 potions of flight {unknown}
 e - 5 potions of haste {unknown}
 m - a potion of brilliance {unknown}


   Skills:
 - Level 2.0 Dodging
 - Level 1.8 Stealth
 - Level 2.6 Spellcasting
 * Level 4.8 Conjurations
 - Level 1.0 Necromancy
 * Level 0.2 Translocations
 - Level 1.0 Evocations


You had one spell level left.
You knew the following spells:

 Your Spells              Type           Power      Damage    Failure   Level
a - Magic Dart            Conj           88%        1d7       1%          1
b - Searing Ray           Conj           44%        2d6       3%          2
c - Iskenderun's Mystic   Conj/Tloc      12%        2d5       45%         4

Your spell library contained the following spells:

 Spells                   Type           Power      Damage    Failure   Level
 Dazzling Flash           Conj/Hex       24%        N/A       16%         3
 Fulminant Prism          Conj/Hex       6%         3d7       47%         4


Dungeon Overview and Level Annotations

Branches:
Dungeon (3/15)

Altars:
Sif Muna

Shops:
D:1 *   D:2 (


Innate Abilities, Weirdness & Mutations

Your plain brown scales are hard. (AC +5)
You cannot fit into any form of body armour.
You are cold-blooded and may be slowed by cold attacks.


Message History

You don't have enough magic to cast this spell.
The bat closely misses you. The hobgoblin misses you.
The gnoll barely misses you. The gnoll hits you with a +0 flail.
You climb upwards.
There is a stone staircase leading down here.
Casting: Iskenderun's Mystic Blast (astonishingly dangerous; 45% risk of failure)
Confirm with . or Enter, or press ? or * to list all spells.
You don't have enough magic to cast this spell.
The gnoll barely misses you. The gnoll attacks as you move away!
The gnoll misses you. The hobgoblin attacks as you move away!
The hobgoblin closely misses you. The gnoll attacks as you move away!
The gnoll hits you with a +0 club. The gnoll attacks as you move away!
The gnoll hits you with a +0 club! The gnoll attacks as you move away!
The gnoll hits you with a +0 flail.
Casting: Iskenderun's Mystic Blast (astonishingly dangerous; 45% risk of failure)
Confirm with . or Enter, or press ? or * to list all spells.
You don't have enough magic to cast this spell.
Casting: Iskenderun's Mystic Blast (astonishingly dangerous; 45% risk of failure)
Confirm with . or Enter, or press ? or * to list all spells.
Aiming: Searing Ray (safe; 3% risk of failure)
Press: ? - help, Shift-Dir - straight line, f - gnoll
Aim: a gnoll, wielding a +0 flail (81% to hit)
The searing ray misses the gnoll. (Press . to maintain the ray.)
The hobgoblin barely misses you. The gnoll hits you but does no damage.
The gnoll closely misses you.
Your magical contamination has completely faded away.
The searing ray hits the gnoll.
The gnoll is heavily wounded.
The hobgoblin barely misses you. The gnoll hits you with a +0 flail.
* * * LOW HITPOINT WARNING * * *
The gnoll closely misses you.
The searing ray hits the gnoll.
The gnoll is severely wounded.
The hobgoblin hits you.
* * * LOW HITPOINT WARNING * * *
The gnoll hits you with a +0 flail.
* * * LOW HITPOINT WARNING * * *
The gnoll hits you with a +0 club.
You die...

#........# #...
#....>.#.### ##..#
###.####...###..## #.##
###.#....##
#..#####.....##.
##...#.......^..
##.........#####
##########.....#.#.......
#......g@...##...........
#......gg..#####..###....
#..........###.....######
#..............#....##
#...............##...##
#..>.......#..#.#...).###
#.....†....##.#.........#
######.######......∩.....
#.........###...÷.......


You could see 2 gnolls and a hobgoblin.

Vanquished Creatures
  A gnoll (D:3)
  2 adders (D:2)
  7 ball pythons
  3 endoplasms
  5 giant cockroaches
  3 goblins
  5 hobgoblins
  5 jackals (D:1)
  5 kobolds
  2 quokkas (D:1)
  3 bats
  A frilled lizard (D:2)
  4 rats
46 creatures vanquished.

Notes
Turn   | Place    | Note
-------+----------+-------------------------------------------
     0 | D:1      | hawla the Draconian Conjurer began the quest for the Orb.
     0 | D:1      | Reached XP level 1. HP: 14/14 MP: 3/3
   372 | D:1      | Reached XP level 2. HP: 20/20 MP: 0/5
   375 | D:1      | Learned a level 2 spell: Searing Ray
   590 | D:1      | Found Nyris's Assorted Antiques.
   947 | D:1      | Reached XP level 3. HP: 26/26 MP: 3/6
  1452 | D:2      | Reached skill level 1 in Necromancy
  1452 | D:2      | Reached skill level 1 in Evocations
  1632 | D:2      | Found a shimmering blue altar of Sif Muna.
  1735 | D:2      | Found Cygeifru's Weapon Boutique.
  2119 | D:3      | Reached XP level 4. HP: 33/33 MP: 5/7
  2126 | D:2      | Learned a level 4 spell: Iskenderun's Mystic Blast
  2221 | D:2      | Slain by a gnoll

Illustrated notes

Levels and vault maps discovered:
D:1:      wander_arrival_peaceful_grave, layout_basic, serial_shops,
          nicolae_shop_stone, minivault_24
D:2:      layout_rooms, serial_shops, nicolae_shop_bloodbath_and_beyond,
          basic_altar, minmay_pentomino_p4
D:3:      layout_rooms, ebering_ecumenical_altar_hall, corexii_hall_statues_l,
          minmay_pentomino_pile

Skill      XL: |  1  2  3 |
---------------+----------+-----
Necromancy     | 1 |  1.0
Evocations     | 1 |  1.0
Dodging        | 2 |  2.0
Stealth        | |  1.8
Spellcasting   | |  2.6
Conjurations   | |  4.8
Translocations | |  0.2

Action                   |  1- 3 |  4- 6 || total
-------------------------+-------+-------++-------
Melee: Unarmed           |    18 |       ||    18
       Staff             |    49 |       ||    49
       Tailslap          |     6 |       ||     6
       Punch             |     2 |       ||     2
 Cast: Magic Dart        |    49 |       ||    49
       Searing Ray       |    13 |     2 ||    15
       Iskenderun's Myst |       |     1 ||     1
 Stab: Sleeping          |     1 |       ||     1
Armor: Skin              |    32 |     6 ||    38
Dodge: Dodged            |    70 |    16 ||    86
